 Dungeon Crawl Stone Soup version 0.28.0-45-g0d030f2227 (webtiles) character file.

Game seed: 17441456734311116797

74 Romesagentofchaos the Skirmisher (level 4, -8/41 HPs)
             Began as a Hill Orc Fighter on Apr 15, 2022.
             Mangled by an ogre
             ... wielding a +0 giant club
              (24 damage)
             ... on level 3 of the Dungeon.
             The game lasted 00:12:13 (2070 turns).

Romesagentofchaos the Skirmisher (Hill Orc Fighter) Turns: 2070, Time: 00:12:13

Health: -8/41      AC: 10    Str: 17 (20) XL:     4   Next: 30%
Magic:  4/4        EV:  6    Int:  6 (8)  God:
Gold:   42         SH:  9    Dex:  8 (10) Spells: 3/3 levels left

rFire   x . .      SeeInvis .   a - +1 war axe
rCold   + . .      Faith    .   c - +0 buckler
rNeg    . . .      Spirit   .   k - +0 chain mail
rPois   .          Reflect  +   (no helmet)
rElec   .          Harm     .   (no cloak)
rCorr   .          Rampage  .   l - +0 pair of gloves
Will    .....                   (no boots)
Stlth   ..........              d - amulet of reflection
HPRegen 0.13/turn               g - ring of ice
MPRegen 0.09/turn               h - ring of flight

@: flying
A: no striking features
a: no special abilities


You were on level 3 of the Dungeon.
You visited 1 branch of the dungeon, and saw 3 of its levels.

You collected 194 gold pieces.
You spent 152 gold pieces at shops.

Inventory:

Hand Weapons
 a - a +1 war axe (weapon)
 e - a +2 short sword of protection
Armour
 c - a +0 buckler (worn)
 k - a +0 chain mail (worn)
 l - a +0 pair of gloves (worn)
Jewellery
 d - an amulet of reflection (around neck)
 g - a ring of ice (left hand)
 h - a ring of flight (right hand)
Wands
 i - a wand of flame (7)
Scrolls
 j - a scroll of fear
Potions
 f - 3 potions of curing


   Skills:
 + Level 4.3 Fighting
 + Level 4.0 Axes
 + Level 4.0 Armour
 + Level 0.1 Dodging
 + Level 3.4 Shields
 + Level 0.1 Evocations


You had 3 spell levels left.
You didn't know any spells.
Your spell library was empty.

Dungeon Overview and Level Annotations

Branches:
Dungeon (3/15)

Altars:

Shops:
D:1 !   D:3 [(


Message History

Found a stone staircase leading down.
You now have 42 gold pieces (gained 6).
A rat comes into view.
You slash the rat!
You kill the rat!
b - a scroll labelled HECSENTAOSE
As you read the scroll labelled HECSENTAOSE, it crumbles to dust.
Your body is wracked with pain!
It was a scroll of torment.
There is a stone staircase leading down here.
Found a stone staircase leading up.
An ogre comes into view. It is wielding a +0 giant club.
Found a stone staircase leading up.
An orc comes into view. It is wielding a +0 short sword.
The orc shouts!
Aiming: Throw Flame
Press: ? - help, Q - select action Shift-Dir - straight line, f - ogre
Aim: an ogre, wielding a +0 giant club (85% to hit)
The puff of flame hits the ogre!
The ogre is moderately wounded.
The ogre hits you with a +0 giant club!
Aiming: Throw Flame
Press: ? - help, Q - select action Shift-Dir - straight line, f/p - ogre
Aim: an ogre, wielding a +0 giant club (moderately wounded, 85% to hit)
The puff of flame hits the ogre!
The ogre is heavily wounded.
You hit the ogre.
The ogre is severely wounded.
The orc throws a boomerang.
You reflect the boomerang off an invisible shield around you!
The boomerang hits the orc!
You kill the orc!
You block the ogre's attack.
You hit the ogre but do no damage.
The ogre is severely wounded.
The ogre hits you with a +0 giant club!
You barely miss the ogre.
The ogre is severely wounded.
The ogre hits you with a +0 giant club!!
Ouch! That really hurt!
You die...

#.##. #....
..##.########.. #
#.##........#.# ..
#.#########.... #.
... # ###.. #. #.#
.# #..
#.#####.##.####
#..
#...@.........#
#..
#####..O.......#.#
#..
#......###.#.....#
#.. #....).#
#.#...#.#####..
#....<.#
#.#.#.#........
#.<....#
#..............
#......#
##..###........
#......#
#..###.#####..
#......# #......#
#..


You could see an ogre.

Vanquished Creatures
  An adder (D:2)
  A worm (D:3)
  2 dart slugs
  An orc (D:3)
  3 ball pythons
  3 bats
  5 endoplasms
  A giant cockroach (D:2)
  5 goblins
  4 hobgoblins
  7 jackals
  8 kobolds
  4 quokkas
  A frilled lizard (D:2)
  4 rats
50 creatures vanquished.

Vanquished Creatures (others)
  8 plants (D:1)
8 creatures vanquished.

Grand Total: 58 creatures vanquished

Notes
Turn   | Place    | Note
-------+----------+-------------------------------------------
     0 | D:1      | Romesagentofchaos the Hill Orc Fighter began the quest for
                  | the Orb.
     0 | D:1      | Reached XP level 1. HP: 19/19 MP: 1/1
   190 | D:1      | Reached XP level 2. HP: 26/27 MP: 2/2
   414 | D:1      | Found Inwissiona's Distillery.
   421 | D:1      | Bought a potion of curing for 36 gold pieces
   426 | D:1      | Found a faded altar of an unknown god.
   716 | D:1      | Reached XP level 3. HP: 28/33 MP: 3/3
  1111 | D:2      | Reached XP level 4. HP: 36/41 MP: 4/4
  1546 | D:3      | Found Vaner's Armour Boutique.
  1573 | D:3      | Found Zoenk's Weapon Shop.
  1624 | D:3      | Bought a +0 chain mail for 58 gold pieces
  1624 | D:3      | Bought a +0 pair of gloves for 58 gold pieces
  2059 | D:3      | Noticed an ogre
  2070 | D:3      | Mangled by an ogre

Illustrated notes

Levels and vault maps discovered:
D:1:      roderic_crop_circles_arrival_small, layout_rooms, serial_aquarium,
          aquarium_bridge_long_joined [aquarium_subvault_bridge,
          aquarium_subvault_bridge, aquarium_subvault_window,
          aquarium_subvault_bridge, aquarium_subvault_wall,
          aquarium_subvault_window], aquarium_window_corridor_1,
          aquarium_window_fake, aquarium_window_2, aquarium_view_2e,
          aquarium_view_2b, aquarium_pool_five, ebering_ecumenical_altar_box,
          serial_shops, nicolae_shop_statue_plus
D:2:      layout_rooms, dk_vineyard_3
D:3:      layout_loops_cross, serial_shops, shop_coins, shop_fountains,
          nicolae_shop_trees, nicolae_shop_trees, uniq_jessica

Skill      XL: |  1  2  3  4 |
---------------+-------------+-----
Fighting       | 4 |  4.3
Axes           | 3 4 |  4.0
Armour         | 4 |  4.0
Dodging        | |  0.1
Shields        | |  3.4
Evocations     | |  0.1

Action                   |  1- 3 |  4- 6 || total
-------------------------+-------+-------++-------
Melee: War axe           |   105 |    31 ||   136
Evoke: Wand              |       |     2 ||     2
  Use: Scroll            |     2 |     3 ||     5
       Potion            |     4 |       ||     4
Armor: Scale mail        |    62 |     4 ||    66
       Chain mail        |       |     8 ||     8
Dodge: Dodged            |    66 |     9 ||    75
Block: Buckler           |    31 |    15 ||    46
       Reflection        |       |     2 ||     2
